 Dungeon Crawl Stone Soup version 0.29.1-15-g9cfb28693d (webtiles) character file.

Game seed: 15622760015857471276

86 Silvore the Chopper (level 4, -5/35 HPs)
             Began as a Demonspawn Monk on Apr 30, 2023.
             Was an Initiate of Ru.
             Slain by Terence
             ... wielding a +2 hand axe of electrocution
              (18 damage)
             ... on level 2 of the Dungeon.
             The game lasted 00:04:36 (1812 turns).

Silvore the Chopper (Demonspawn Monk)               Turns: 1812, Time: 00:04:37

Health: -5/35      AC:  9    Str: 12    XL:     4   Next: 26%
Magic:  4/4        EV:  8    Int: 11    God:    Ru [......]
Gold:   136        SH: 10    Dex: 17    Spells: 3/3 levels left

rFire   . . .      SeeInvis .   a - +0 hand axe
rCold   . . .      Faith    .   d - +2 kite shield {AC+3}
rNeg    . . .      Spirit   .   k - +0 scale mail
rPois   .          Reflect  .   (no helmet)
rElec   .          Harm     .   (no cloak)
rCorr   .          Rampage  .   (no gloves)
Will    .....                   (no boots)
Stlth   +.........              (no amulet)
HPRegen 0.11/turn               (no ring)
MPRegen 0.09/turn               (no ring)

@: no status effects
A: hooves 1
a: Renounce Religion


You were on level 2 of the Dungeon.
You worshipped Ru.
Ru was noncommittal.
You visited 1 branch of the dungeon, and saw 2 of its levels.

You collected 136 gold pieces.

Inventory:

Hand Weapons
 a - a +0 hand axe (weapon)
Armour
 b - a +0 robe
 d - a +2 kite shield of protection (worn)
 k - a +0 scale mail (worn)
Scrolls
 f - 3 scrolls of teleportation
 g - a scroll of identify
 i - a scroll of vulnerability {unknown}
Potions
 c - a potion of ambrosia
 e - a potion of brilliance {unknown}
 h - a potion of attraction {unknown}
 j - a potion of lignification {unknown}


   Skills:
 + Level 3.3 Fighting
 + Level 3.4 Axes
 + Level 3.4 Dodging
 + Level 2.4 Stealth
 + Level 0.8 Shields


You had 3 spell levels left.
You didn't know any spells.
Your spell library contained the following spells:

 Spells                   Type           Power      Damage    Failure   Level
 Apportation              Tloc           0%         N/A       100%        1
 Necrotise                Necr           0%         1d4       100%        1
 Summon Small Mammal      Summ           0%         N/A       100%        1
 Ozocubu's Armour         Ice            0%         N/A       100%        3
 Ozocubu's Refrigeration  Ice            0%         4d7       100%        7


Dungeon Overview and Level Annotations

Branches:
Dungeon (2/15)

Altars:
Ru

Annotations:
D:2 Terence


Innate Abilities, Weirdness & Mutations

You have large cloven feet.


Message History

The helpless kobold fails to defend itself.
You hit the kobold. Your kick misses the kobold.
The kobold is severely wounded.
You hit the rat but do no damage. The kobold hits you with a +0 whip.
The rat closely misses you.
You closely miss the rat. You kick the rat.
You kill the rat!
You hit the kobold.
You kill the kobold!
You see here a +0 whip.
You see here a +0 scale mail.
k - a +0 scale mail You start removing your armour.
You continue taking off your +0 robe. x4
You finish taking off your +0 robe.
You start putting on your armour.
You continue putting on your +0 scale mail. x5
You finish putting on your +0 scale mail.
A rat comes into view.
A rat is nearby!
Found a stone staircase leading down.
The rat bites you but does no damage.
You hit the rat.
The rat is severely wounded.
The rat bites you but does no damage.
You hit the rat but do no damage. You kick the rat.
You kill the rat!
You see here a rat corpse.
Terence the Incautious comes into view.
He is wielding a +2 hand axe of electrocution and wearing a +0 chain mail of poison resistance.
Terence shouts!
A frilled lizard comes into view.
Found 2 boomerangs.
The frilled lizard hisses angrily.
Terence drinks a potion.
Terence flickers and vanishes!
Deactivating autopickup; reactivate with Ctrl-A.
You hit something. Your kick misses something. Something hits you. x2
You closely miss something. You kick something. Something hits you.
You are electrocuted!
You closely miss something. Something hits you.
You are electrocuted!!
Ouch! That really hurt!
You die...

.......### .## ......(.#
# ...†....## ..†).......
..........# ........#.#
#### ........#.# ####..#
.......##....######.....#
......## .....l{@...##.##
#.#######..(.#########.#
.........>.. #...#
#.##...)...# #.###
#.##.......# #.#
...........# ##.#
#..........# ###..#
...........######...##
.#.............##.###


You could see a frilled lizard.

Vanquished Creatures
  Jessica (D:2)
  An adder (D:2)
  4 dart slugs
  5 ball pythons
  3 endoplasms
  2 giant cockroaches (D:1)
  5 goblins
  7 hobgoblins
  2 quokkas (D:1)
  A bat (D:2)
  3 frilled lizards (D:1)
  4 kobolds
  5 rats
43 creatures vanquished.

Notes
Turn   | Place    | Note
-------+----------+-------------------------------------------
     0 | D:1      | Silvore the Demonspawn Monk began the quest for the Orb.
     0 | D:1      | Reached XP level 1. HP: 18/18 MP: 1/1
    30 | D:1      | Discovered your monstrous ancestry.
    30 | D:1      | Gained mutation: You have large cloven feet. [demonic
                  | ancestry]
    30 | D:1      | Reached XP level 2. HP: 19/24 MP: 2/2
   517 | D:1      | Found a faded altar of an unknown god.
   525 | D:1      | Prayed at the altar of an unknown god.
   525 | D:1      | Became a worshipper of Ru the Awakened
   526 | D:1      | Fell from the grace of Ru
   629 | D:1      | Reached XP level 3. HP: 28/29 MP: 3/3
   669 | D:1      | Became a worshipper of Ru the Awakened
  1129 | D:2      | Noticed Jessica
  1154 | D:2      | Killed Jessica
  1239 | D:2      | Reached XP level 4. HP: 29/35 MP: 4/4
  1806 | D:2      | Noticed Terence
  1812 | D:2      | Slain by Terence

Illustrated notes

Levels and vault maps discovered:
D:1:      roderic_crossed_star, layout_basic,
          ebering_ecumenical_altar_sacrificial, minmay_misc_feat_plants
D:2:      layout_rooms, minmay_cut_off, uniq_jessica, uniq_terence

Skill      XL: |  1  2 |
---------------+-------+-----
Dodging        | 3 |  3.4
Axes           | 3 |  3.4
Stealth        | 2 |  2.4
Fighting       | |  3.3
Shields        | |  0.8

Action                   |  1- 3 |  4- 6 || total
-------------------------+-------+-------++-------
Melee: Hand axe          |    82 |    28 ||   110
       Kick              |    15 |    10 ||    25
Invok: Renounce Religion |     1 |       ||     1
  Use: Scroll            |     2 |       ||     2
 Stab: Sleeping          |     6 |     1 ||     7
Armor: Robe              |    26 |     9 ||    35
       Scale mail        |       |     2 ||     2
Dodge: Dodged            |    43 |    12 ||    55
Block: Kite shield       |    40 |    17 ||    57
